NCAA
MINNESOTA GOLDEN GOPHERS @ KENTUCKY WILDCATS
04/21/2026
 
TOP OF THE 1ST
Minnesota Golden Gophers batting - Pitching for Kentucky Wildcats : RHP Pat Forrest
Pitching: RHP Pat Forrest
Batting: SHB Sean Brown 0-0: Ball
1-0: Ball
2-0: Ground out 4-3 (Groundball, 4)
Batting: RHB Tim Glendonwyn 0-0: Ground out 4-3 (Groundball, 4)
Batting: LHB Ralph Cobb 0-0: Called Strike
0-1: Ball
1-1: Foul Ball, location: 2F
1-2: Ball
2-2: SINGLE (Groundball, 2L) (infield hit)
Batting: RHB Julián Ramírez 0-0: Ball
1-0: Foul Ball, location: 2F
1-1: Called Strike
1-2: Ball
2-2: Ball
3-2: Base on Balls
Ralph Cobb to second
Batting: RHB Ronald Smith 0-0: Ball
1-0: Ball
2-0: Called Strike
2-1: Called Strike
2-2: Strikes out swinging
Top of the 1st over - 0 run(s), 1 hit(s), 0 error(s), 2 left on base; Minnesota 0 - Kentucky 0
BOTTOM OF THE 1ST
Kentucky Wildcats batting - Pitching for Minnesota Golden Gophers : LHP Ed Blake
Pitching: LHP Ed Blake
Batting: LHB Eric Dillard 0-0: Ball
1-0: Ball
2-0: Ball
3-0: Base on Balls
Batting: RHB Joseph Leach 0-0: Called Strike
0-1: Ball
1-1: Ball
2-1: Swinging Strike
2-2: Ball
Eric Dillard steals 2nd base
3-2: Base on Balls
Batting: SHB Arnold Moore 0-0: Foul Ball, location: 2F
0-1: Called Strike
0-2: Ball
1-2: Ball
2-2: Ball
3-2: DOUBLE (Groundball, 5L)
Eric Dillard scores
Joseph Leach to third
Joseph Leach scores
Batting: RHB Bob Zambrano 0-0: Called Strike
0-1: 2-RUN HOME RUN (Flyball, 7D), Distance : 367 ft
Batting: SHB Bryan Long 0-0: Ground out 4-3 (Groundball, 4)
Batting: RHB Roberto Juárez 0-0: Ball
1-0: Fly out, F7 (Flyball, 78S)
Batting: RHB Julius Farmer 0-0: Ball
1-0: Foul Ball, location: 2F
1-1: SINGLE (Line Drive, 5D)
Batting: SHB Russ Beasley 0-0: Called Strike
0-1: Ball
1-1: Ball
2-1: Ball
3-1: Foul Ball, location: 2F
3-2: SINGLE (Line Drive, 89S)
Julius Farmer to second
Julius Farmer to third
Batting: RHB Morris Wilson 0-0: Ball
1-0: Ball
2-0: Foul Ball, location: 2F
2-1: DOUBLE (Groundball, 5L)
Julius Farmer scores
Russ Beasley to third
Batting: LHB Eric Dillard 0-0: Ball
1-0: Ball
2-0: Foul Ball, location: 2F
2-1: Swinging Strike
2-2: Foul Ball, location: 2F
2-2: Strikes out swinging
Bottom of the 1st over - 5 run(s), 5 hit(s), 0 error(s), 2 left on base; Minnesota 0 - Kentucky 5
TOP OF THE 2ND
Minnesota Golden Gophers batting - Pitching for Kentucky Wildcats : RHP Pat Forrest
Batting: RHB Christian Nash 0-0: Called Strike
0-1: Ball
1-1: Ground out 6-3 (Groundball, 6)
Batting: RHB Miguel Rodríguez 0-0: Foul Ball, location: 2F
0-1: Ball
1-1: Called Strike
1-2: DOUBLE (Line Drive, 5D)
Batting: LHB Tony Ayala 0-0: Called Strike
0-1: Ball
1-1: Ball
2-1: Foul Ball, location: 2F
2-2: Ball
3-2: Base on Balls
Batting: RHB William Elliott 0-0: Ball
1-0: SINGLE (Line Drive, 6D)
Miguel Rodríguez to third
Tony Ayala to second
Batting: SHB Sean Brown 0-0: Called Strike
0-1: Ball
1-1: DOUBLE (Line Drive, 7LS)
Miguel Rodríguez scores
Tony Ayala scores
William Elliott to third
Runner from 3rd tries for Home, SAFE, no throw or cutoff
Batting: RHB Tim Glendonwyn 0-0: Called Strike
0-1: Ball
1-1: Foul Ball, location: 2F
1-2: Ball
2-2: Ball
3-2: Base on Balls
Batting: LHB Ralph Cobb 0-0: Ball
1-0: Ball
2-0: Ball
3-0: Called Strike
3-1: Base on Balls
Sean Brown to third
Tim Glendonwyn to second
Batting: RHB Julián Ramírez 0-0: Fly out, F8 (Flyball, 78M)
Runner from 3rd tags up, SCORES, no throw
Batting: RHB Ronald Smith 0-0: Foul Ball, location: 2F
0-1: Called Strike
0-2: Foul Ball, location: 2F
0-2: Foul Ball, location: 2F
0-2: Ball
1-2: Fly out, F9 (Flyball, 89M)
Top of the 2nd over - 4 run(s), 3 hit(s), 0 error(s), 2 left on base; Minnesota 4 - Kentucky 5
BOTTOM OF THE 2ND
Kentucky Wildcats batting - Pitching for Minnesota Golden Gophers : LHP Ed Blake
Batting: RHB Joseph Leach 0-0: Foul Ball, location: 2F
0-1: Ground out 6-3 (Groundball, 6)
Batting: SHB Arnold Moore 0-0: Called Strike
0-1: Ball
1-1: Ball
2-1: SOLO HOME RUN (Flyball, 9D), Distance : 343 ft
Batting: RHB Bob Zambrano 0-0: Ball
1-0: Foul Ball, location: 2F
1-1: Swinging Strike
1-2: Ball
2-2: SINGLE (Line Drive, 89S)
Batting: SHB Bryan Long 0-0: Called Strike
0-1: Swinging Strike
0-2: Ball
1-2: Foul Ball, location: 2F
1-2: Ball
2-2: Foul Ball, location: 2F
2-2: Ball
3-2: Foul Ball, location: 2F
3-2: Strikes out swinging
Batting: RHB Roberto Juárez 0-0: Ball
1-0: Foul Ball, location: 2F
1-1: Swinging Strike
1-2: Strikes out swinging
Bottom of the 2nd over - 1 run(s), 2 hit(s), 0 error(s), 1 left on base; Minnesota 4 - Kentucky 6
TOP OF THE 3RD
Minnesota Golden Gophers batting - Pitching for Kentucky Wildcats : RHP Pat Forrest
Batting: RHB Christian Nash 0-0: Ball
1-0: Fly out, F8 (Line Drive, 8RM)
Batting: RHB Miguel Rodríguez 0-0: Called Strike
0-1: Ball
1-1: Ball
2-1: Ball
3-1: Base on Balls
Batting: LHB Tony Ayala 0-0: Called Strike
0-1: Reached on error, E4 (Groundball, 34)
Miguel Rodríguez to second
Batting: RHB William Elliott 0-0: Called Strike
0-1: Foul Ball, location: 2F
0-2: Strikes out swinging
Batting: SHB Sean Brown 0-0: Swinging Strike
0-1: Called Strike
0-2: Strikes out swinging
Top of the 3rd over - 0 run(s), 0 hit(s), 1 error(s), 2 left on base; Minnesota 4 - Kentucky 6
BOTTOM OF THE 3RD
Kentucky Wildcats batting - Pitching for Minnesota Golden Gophers : LHP Ed Blake
Batting: RHB Julius Farmer 0-0: Ground out 4-3 (Groundball, 4M)
Batting: SHB Russ Beasley 0-0: Called Strike
0-1: Called Strike
0-2: Ball
1-2: Strikes out swinging
Batting: RHB Morris Wilson 0-0: Called Strike
0-1: Ball
1-1: Ball
2-1: Reached on error, E4 (Groundball, 4)
Batting: LHB Eric Dillard 0-0: Ball
1-0: Called Strike
1-1: Ball
2-1: Ball
3-1: Foul Ball, location: 2F
3-2: Base on Balls
Morris Wilson to second
Batting: RHB Joseph Leach 0-0: Swinging Strike
0-1: SINGLE (Groundball, 4S)
Morris Wilson to third
Eric Dillard to second
Runner from 3rd tries for Home, SAFE, throw made home
Eric Dillard to third
Joseph Leach to second
Pitching: RHP Justin Anderson
Batting: SHB Arnold Moore 0-0: Ball
1-0: Fly out, F7 (Flyball, 8LXD)
Bottom of the 3rd over - 1 run(s), 1 hit(s), 1 error(s), 2 left on base; Minnesota 4 - Kentucky 7
TOP OF THE 4TH
Minnesota Golden Gophers batting - Pitching for Kentucky Wildcats : RHP Pat Forrest
Batting: RHB Tim Glendonwyn 0-0: Ball
1-0: Ball
2-0: Called Strike
2-1: Swinging Strike
2-2: Ball
3-2: Base on Balls
Batting: LHB Ralph Cobb 0-0: Ball
1-0: SINGLE (Line Drive, 6D)
Tim Glendonwyn to second
Batting: RHB Julián Ramírez 0-0: Ball
1-0: Ball
2-0: Called Strike
2-1: Foul Ball, location: 2F
2-2: Strikes out looking
Pitching: RHP Jeremy Garner
Batting: RHB Ronald Smith 0-0: Ball
1-0: Grounds into double play, 5-4-3 (Groundball, 5)
Top of the 4th over - 0 run(s), 1 hit(s), 0 error(s), 1 left on base; Minnesota 4 - Kentucky 7
BOTTOM OF THE 4TH
Kentucky Wildcats batting - Pitching for Minnesota Golden Gophers : RHP Justin Anderson
Batting: RHB Bob Zambrano 0-0: Called Strike
0-1: Ball
1-1: Foul Ball, location: 2F
1-2: SOLO HOME RUN (Flyball, 7LD), Distance : 328 ft
Batting: SHB Bryan Long 0-0: Swinging Strike
0-1: Swinging Strike
0-2: Fly out, F6 (Line Drive, 6)
Batting: RHB Roberto Juárez 0-0: Foul Ball, location: 2F
0-1: Foul Ball, location: 2F
0-2: Ball
1-2: Ball
2-2: Ball
3-2: Strikes out swinging
Batting: RHB Julius Farmer 0-0: Called Strike
0-1: Ball
1-1: Called Strike
1-2: Foul Ball, location: 2F
1-2: Ball
2-2: Ball
3-2: Strikes out swinging
Bottom of the 4th over - 1 run(s), 1 hit(s), 0 error(s), 0 left on base; Minnesota 4 - Kentucky 8
TOP OF THE 5TH
Minnesota Golden Gophers batting - Pitching for Kentucky Wildcats : RHP Jeremy Garner
Batting: RHB Christian Nash 0-0: Foul Ball, location: 2F
0-1: Swinging Strike
0-2: SOLO HOME RUN (Line Drive, 9LD), Distance : 326 ft
Pitching: RHP Bryant Hatcher
Batting: RHB Miguel Rodríguez 0-0: Ball
1-0: Called Strike
1-1: Ball
2-1: SINGLE (Groundball, 34)
Pitching: LHP Félix Martínez
Batting: LHB Tony Ayala 0-0: Ball
1-0: Ball
2-0: Ball
3-0: Called Strike
3-1: Foul Ball, location: 2F
3-2: Foul Ball, location: 2F
3-2: Strikes out swinging
Pitching: RHP Bryce Gray
Batting: RHB William Elliott 0-0: Ball
1-0: Ball
2-0: Ball
3-0: Base on Balls
Miguel Rodríguez to second
Batting: SHB Sean Brown 0-0: Ball
1-0: Ball
2-0: Called Strike
2-1: DOUBLE (Line Drive, 78M)
Miguel Rodríguez scores
William Elliott to third
Runner from 3rd tries for Home, SAFE, no throw or cutoff
Batting: RHB Tim Glendonwyn 0-0: Ball
Sean Brown is caught stealing 3rd base
1-0: DOUBLE (Groundball, 5L)
Batting: LHB Ralph Cobb 0-0: SINGLE (Groundball, 34)
Tim Glendonwyn to third
Runner from 3rd tries for Home, SAFE, no throw or cutoff
Batting: RHB Julián Ramírez 0-0: Ball
1-0: Ball
2-0: Ball
3-0: Called Strike
3-1: Fly out, F9 (Popup, 9S)
Top of the 5th over - 4 run(s), 5 hit(s), 0 error(s), 1 left on base; Minnesota 8 - Kentucky 8
BOTTOM OF THE 5TH
Kentucky Wildcats batting - Pitching for Minnesota Golden Gophers : RHP Justin Anderson
Batting: SHB Russ Beasley 0-0: Foul Ball, location: 2F
0-1: Fly out, F7 (Flyball, 7LM)
Batting: RHB Morris Wilson 0-0: Ball
1-0: Ball
2-0: Ball
3-0: Base on Balls
Batting: LHB Eric Dillard 0-0: Ball
1-0: Swinging Strike
1-1: Ball
2-1: Ball
3-1: Base on Balls
Morris Wilson to second
Batting: RHB Joseph Leach 0-0: Fly out, F4 (Popup, 34)
Batting: SHB Arnold Moore 0-0: Ball
1-0: Ball
2-0: Ball
3-0: Called Strike
3-1: Fly out, F7 (Line Drive, 7M)
Bottom of the 5th over - 0 run(s), 0 hit(s), 0 error(s), 2 left on base; Minnesota 8 - Kentucky 8
TOP OF THE 6TH
Minnesota Golden Gophers batting - Pitching for Kentucky Wildcats : RHP Bryce Gray
Batting: RHB Ronald Smith 0-0: Called Strike
0-1: Ball
1-1: Swinging Strike
1-2: Ball
2-2: Strikes out swinging
Batting: RHB Christian Nash 0-0: Called Strike
0-1: Called Strike
0-2: Ball
1-2: Ball
2-2: Ball
3-2: SINGLE (Groundball, 34)
Batting: RHB Miguel Rodríguez 0-0: Called Strike
0-1: Fly out, F4 (Popup, 34)
Batting: LHB Tony Ayala 0-0: Called Strike
0-1: Ball
1-1: SINGLE (Flyball, 7S)
Christian Nash to second
Batting: RHB William Elliott 0-0: Ball
1-0: Called Strike
1-1: Ball
2-1: Ball
3-1: Base on Balls
Christian Nash to third
Tony Ayala to second
Batting: SHB Sean Brown 0-0: Called Strike
0-1: Called Strike
0-2: Ball
1-2: Ground out 3-1 (Groundball, 34S)
Top of the 6th over - 0 run(s), 2 hit(s), 0 error(s), 3 left on base; Minnesota 8 - Kentucky 8
BOTTOM OF THE 6TH
Kentucky Wildcats batting - Pitching for Minnesota Golden Gophers : RHP Justin Anderson
Batting: RHB Bob Zambrano 0-0: Ball
1-0: Ball
2-0: Ball
3-0: Called Strike
3-1: Base on Balls
Pitching: RHP Franklin Booth
Batting: SHB Bryan Long 0-0: Ball
1-0: Called Strike
1-1: Fly out, F8 (Flyball, 8LM)
Batting: RHB Roberto Juárez 0-0: Ball
1-0: Foul Ball, location: 2F
1-1: Ball
2-1: Foul Ball, location: 2F
2-2: Ball
3-2: Foul Ball, location: 2F
3-2: Foul Ball, location: 2F
3-2: Base on Balls
Bob Zambrano to second
Batting: RHB Julius Farmer 0-0: Ball
1-0: Fly out, F9 (Flyball, 89S)
Batting: SHB Russ Beasley 0-0: Called Strike
0-1: Ball
1-1: Ball
2-1: Foul Ball, location: 2F
2-2: Foul Ball, location: 2F
2-2: Ball
3-2: Base on Balls
Bob Zambrano to third
Roberto Juárez to second
Batting: RHB Morris Wilson 0-0: Ball
1-0: Swinging Strike
1-1: SINGLE (Line Drive, 7LS)
Bob Zambrano scores
Roberto Juárez to third
Russ Beasley to second
Runner from 3rd tries for Home, SAFE, throw made home
Russ Beasley to third
Morris Wilson to second
Batting: LHB Eric Dillard 0-0: Intentional Walk
Batting: RHB Joseph Leach 0-0: Called Strike
0-1: SINGLE (Groundball, 34D)
Russ Beasley scores
Morris Wilson to third
Eric Dillard to second
Runner from 3rd tries for Home, SAFE, throw made home
Eric Dillard to third
Joseph Leach to second
Batting: SHB Arnold Moore 0-0: Intentional Walk
Pitching: RHP Geoffrey Rogers
Batting: RHB Bob Zambrano 0-0: Called Strike
0-1: Swinging Strike
0-2: Strikes out swinging
Bottom of the 6th over - 4 run(s), 2 hit(s), 0 error(s), 3 left on base; Minnesota 8 - Kentucky 12
TOP OF THE 7TH
Minnesota Golden Gophers batting - Pitching for Kentucky Wildcats : RHP Bryce Gray
Batting: RHB Tim Glendonwyn 0-0: SINGLE (Flyball, 8RS)
Batting: LHB Ralph Cobb 0-0: Ball
1-0: DOUBLE (Line Drive, 9M)
Tim Glendonwyn to third
Batting: RHB Julián Ramírez 0-0: Called Strike
0-1: Fly out, F7 (Flyball, 7LM)
Runner from 3rd tags up, SCORES, throw made
Batting: RHB Ronald Smith 0-0: SINGLE (Line Drive, 56D)
Ralph Cobb to third
Runner from 3rd tries for Home, SAFE, no throw or cutoff
Batting: RHB Christian Nash 0-0: Ball
1-0: Called Strike
1-1: Foul Ball, location: 2F
1-2: Ball
2-2: SINGLE (Flyball, 9LS)
Ronald Smith to second
Runner from 2nd tries for 3rd, SAFE, throw made to third
Batting: RHB Miguel Rodríguez 0-0: Ball
1-0: 3-RUN HOME RUN (Line Drive, 78XD), Distance : 369 ft
Batting: LHB Tony Ayala 0-0: Ball
1-0: SINGLE (Flyball, 8LS)
Batting: RHB William Elliott 0-0: Ball
1-0: Ball
Wild Pitch!
Tony Ayala to second
2-0: Ball
3-0: Called Strike
3-1: Base on Balls
Pitching: RHP William Lockhard
Batting: SHB Sean Brown 0-0: Called Strike
0-1: Ball
1-1: SINGLE (Line Drive, 6MD)
Tony Ayala to third
William Elliott to second
Batting: RHB Tim Glendonwyn 0-0: Swinging Strike
0-1: Ball
1-1: Ball
2-1: Swinging Strike
2-2: Ball
3-2: Strikes out swinging
Batting: LHB Ralph Cobb 0-0: Ball
1-0: Ball
2-0: GRAND SLAM HOME RUN (Line Drive, 7D), Distance : 374 ft
Batting: RHB Julián Ramírez 0-0: Foul Ball, location: 2F
0-1: SOLO HOME RUN (Flyball, 7LD), Distance : 327 ft
Batting: RHB Ronald Smith 0-0: Ball
1-0: Called Strike
1-1: Called Strike
1-2: Ball
2-2: Fly out, F8 (Line Drive, 89M)
Top of the 7th over - 10 run(s), 9 hit(s), 0 error(s), 0 left on base; Minnesota 18 - Kentucky 12
BOTTOM OF THE 7TH
Kentucky Wildcats batting - Pitching for Minnesota Golden Gophers : RHP Geoffrey Rogers
Batting: SHB Bryan Long 0-0: Ball
1-0: Called Strike
1-1: Ball
2-1: Ball
3-1: Swinging Strike
3-2: Strikes out looking
Batting: RHB Roberto Juárez 0-0: Ground out 5-3 (Groundball, 56)
Batting: RHB Julius Farmer 0-0: Foul Ball, location: 2F
0-1: SINGLE (Groundball, 56D)
Batting: SHB Russ Beasley 0-0: Ball
1-0: DOUBLE (Line Drive, 78M)
Julius Farmer to third
Runner from 3rd tries for Home, SAFE, no throw or cutoff
Batting: RHB Morris Wilson 0-0: Ball
1-0: Ball
2-0: Called Strike
2-1: Swinging Strike
2-2: Ball
3-2: Foul Ball, location: 2F
3-2: Base on Balls
Batting: LHB Eric Dillard 0-0: Ball
1-0: Swinging Strike
1-1: Fly out, F4 (Popup, 3DF)
Bottom of the 7th over - 1 run(s), 2 hit(s), 0 error(s), 2 left on base; Minnesota 18 - Kentucky 13
TOP OF THE 8TH
Minnesota Golden Gophers batting - Pitching for Kentucky Wildcats : RHP William Lockhard
Batting: RHB Christian Nash 0-0: SINGLE (Groundball, 34D)
Batting: RHB Miguel Rodríguez 0-0: Called Strike
0-1: Ball
1-1: Called Strike
1-2: Strikes out swinging
Batting: LHB Tony Ayala 0-0: Foul Ball, location: 2F
0-1: Foul Ball, location: 2F
0-2: Strikes out swinging
Batting: RHB William Elliott 0-0: Called Strike
0-1: SINGLE (Groundball, 4M)
Christian Nash to second
Runner from 2nd tries for 3rd, OUT!
Top of the 8th over - 0 run(s), 2 hit(s), 0 error(s), 1 left on base; Minnesota 18 - Kentucky 13
BOTTOM OF THE 8TH
Kentucky Wildcats batting - Pitching for Minnesota Golden Gophers : RHP Geoffrey Rogers
Now at C: Eric Hudson
Now in CF: Matt Pennington
Batting: RHB Joseph Leach 0-0: Foul Ball, location: 2F
0-1: Ground out 5-3 (Groundball, 5L)
Batting: SHB Arnold Moore 0-0: Called Strike
0-1: Foul Ball, location: 2F
0-2: Strikes out looking
Batting: RHB Bob Zambrano 0-0: Ball
1-0: Ball
2-0: Ball
3-0: Called Strike
3-1: Base on Balls
Batting: SHB Bryan Long 0-0: Ball
1-0: SINGLE (Groundball, 56)
Bob Zambrano to second
Batting: RHB Roberto Juárez 0-0: Called Strike
0-1: Called Strike
0-2: Ball
1-2: Ball
2-2: Foul Ball, location: 2F
2-2: Ball
3-2: SINGLE (Groundball, 56)
Bob Zambrano to third
Bryan Long to second
Bob Zambrano scores
Bryan Long to third
Pitching: RHP Craig Mills
Batting: RHB Julius Farmer 0-0: Ball
1-0: Foul Ball, location: 2F
1-1: Fly out, F4 (Popup, 34)
Bottom of the 8th over - 1 run(s), 2 hit(s), 0 error(s), 2 left on base; Minnesota 18 - Kentucky 14
TOP OF THE 9TH
Minnesota Golden Gophers batting - Pitching for Kentucky Wildcats : RHP William Lockhard
Pitching: RHP Andy Johnston
Batting: SHB Sean Brown 0-0: Ball
1-0: Called Strike
1-1: DOUBLE (Line Drive, 7LM)
Batting: RHB Tim Glendonwyn 0-0: Ball
1-0: Ball
Sean Brown steals 3rd base
2-0: Foul Ball, location: 2F
2-1: Foul Ball, location: 2F
2-2: Hit by Pitch
Batting: LHB Ralph Cobb 0-0: Ball
1-0: Ball
Balk!
Sean Brown scores
Tim Glendonwyn to second
2-0: Called Strike
2-1: Ball
3-1: Base on Balls
Batting: RHB Julián Ramírez 0-0: Ball
1-0: Ball
2-0: Ball
3-0: Base on Balls
Tim Glendonwyn to third
Ralph Cobb to second
Batting: RHB Ronald Smith 0-0: Ball
Wild Pitch!
Tim Glendonwyn scores
Ralph Cobb to third
Julián Ramírez to second
1-0: Called Strike
1-1: Foul Ball, location: 2F
1-2: Hit by Pitch
Pitching: RHP António Olivares
Batting: RHB Eric Hudson 0-0: Ball
1-0: Ball
2-0: Ball
3-0: Called Strike
3-1: Fly out, F9 (Flyball, 9M)
Runner from 3rd tags up, SCORES, no throw
Batting: RHB Miguel Rodríguez 0-0: Ball
1-0: Foul Ball, location: 2F
1-1: Fly out, F3 (Line Drive, 34)
Batting: LHB Tony Ayala 0-0: Ball
1-0: Ball
2-0: Ball
3-0: Called Strike
3-1: Called Strike
3-2: Base on Balls
Julián Ramírez to third
Ronald Smith to second
Batting: LHB Matt Pennington 0-0: Ball
1-0: Called Strike
1-1: Ball
2-1: Ball
3-1: Base on Balls
Julián Ramírez scores
Ronald Smith to third
Tony Ayala to second
Batting: SHB Sean Brown 0-0: Swinging Strike
0-1: Foul Ball, location: 2F
0-2: Strikes out swinging
Top of the 9th over - 4 run(s), 1 hit(s), 0 error(s), 3 left on base; Minnesota 22 - Kentucky 14
BOTTOM OF THE 9TH
Kentucky Wildcats batting - Pitching for Minnesota Golden Gophers : RHP Craig Mills
Batting: SHB Russ Beasley 0-0: Ball
1-0: Called Strike
1-1: Ball
2-1: Foul Ball, location: 2F
2-2: Strikes out swinging
Batting: RHB Morris Wilson 0-0: Called Strike
0-1: Ground out 1-3 (Groundball, 34S)
Batting: LHB Eric Dillard 0-0: Called Strike
0-1: Ball
1-1: SINGLE (Groundball, 23) (infield hit)
Batting: RHB Joseph Leach 0-0: Fly out, F9 (Popup, 89S)
Bottom of the 9th over - 0 run(s), 1 hit(s), 0 error(s), 1 left on base; Minnesota 22 - Kentucky 14
Monday, December 5th, 2016 - OOTP Baseball 17.12 Build 75